 Dungeon Crawl Stone Soup version 0.26.1-2-gb8aa6d0cf2 (webtiles) character file.

Game seed: 10213697660095494914

620 McKennaii the Conjurer (level 7, -16/36 HPs)
             Began as a Deep Elf Conjurer on Feb 12, 2021.
             Demolished by an ogre
             ... wielding a +0 giant club
              (20 damage)
             ... on level 3 of the Dungeon.
             The game lasted 00:05:35 (4812 turns).

McKennaii the Conjurer (Deep Elf Conjurer)          Turns: 4812, Time: 00:05:36

Health: -16/36     AC:  3    Str:  1 (4)  XL:     7   Next: 22%
Magic:  14/16      EV: 14    Int: 22 (25) God:
Gold:   125        SH:  0    Dex: 12 (13) Spells: 9/18 levels left

rFire    . . .     SeeInvis .   (no weapon)
rCold    . . .     Faith    .   (no shield)
rNeg     . . .     Spirit   .   a - +0 robe
rPois    .         Reflect  .   (no helmet)
rElec    .         Harm     .   (no cloak)
rCorr    .         Rampage  .   t - +0 pair of gloves
Will     .....                  (no boots)
Stlth    ++........             (no amulet)
HPRegen  0.12/turn              (no ring)
MPRegen  0.15/turn              (no ring)

@: mighty
A: low mp 1
a: no special abilities


You were on level 3 of the Dungeon.
You visited 1 branch of the dungeon, and saw 4 of its levels.

You collected 125 gold pieces.

Inventory:

Armour
 a - a +0 robe (worn)
 t - a +0 pair of gloves (worn)
Jewellery
 p - a +4 ring of slaying {unknown}
Wands
 s - a wand of iceblast (8)
Scrolls
 b - a scroll of immolation {unknown}
 c - 6 scrolls of teleportation {unknown}
 e - 2 scrolls of random uselessness {unknown}
 g - 2 scrolls of identify {unknown}
 h - a scroll of fog {unknown}
 k - a scroll of remove curse {unknown}
 m - a scroll of noise {unknown}
 o - a scroll of magic mapping {unknown}
 q - a scroll of enchant weapon {unknown}
 u - a scroll of amnesia {unknown}
Potions
 i - a potion of curing
 l - a potion of flight {unknown}
 n - a potion of lignification {unknown}
 r - a potion of heal wounds {unknown}


   Skills:
 * Level 4.2 Dodging
 + Level 3.2 Stealth
 * Level 6.3 Spellcasting
 * Level 7.6 Conjurations


You had 9 spell levels left.
You knew the following spells:

 Your Spells              Type           Power        Failure   Level
a - Magic Dart            Conj           100%         1%          1
b - Fulminant Prism       Conj/Hex       11%          19%         4
c - Iskenderun's Mystic   Conj/Tloc      23%          19%         4

Your spell library contained the following spells:

 Spells                   Type           Power        Failure   Level
 Searing Ray              Conj           80%          1%          2
 Dazzling Flash           Conj/Hex       46%          5%          3


Dungeon Overview and Level Annotations

Branches:
Dungeon (4/15)             Temple (0/1) D:4

Altars:
Elyvilon
Fedhas
Hepliaklqana
Xom


Innate Abilities, Weirdness & Mutations

Your magical capacity is low. (-10% MP)


Message History

It was a potion of might.
You feel very mighty all of a sudden. The ogre misses you.
You hit the ogre.
The ogre is lightly wounded.
The ogre barely misses you.
You hit the ogre.
The ogre is moderately wounded.
You hit the ogre.
The ogre is moderately wounded.
The ogre closely misses you.
You hit the ogre.
The ogre is moderately wounded.
The ogre hits you with a +0 giant club!
* * * LOW HITPOINT WARNING * * *
It was a potion of mutation.
You feel extremely strange.
You feel frail.
You feel less energetic.
You feel robust.
The ogre hits you with a +0 giant club!!
Ouch! That really hurt!
You die...

##### #####.####.
#####...########### #.#†.+.
#.................# #.#..#.
#.###...##.#..###.# #.#'##. #.#
###.##.#..###.#####...... #.#
#.##...........##.#'##.
####.#####.##.#...#..##.##.#†.#.
#.......##.##.#......##.##.#.8#.
#.##.##.##.>..O@.)...##.##.####.
#.##.##.#####.###.#..##.##......
#.##.##.......# #.......########
#.##.##.......# #.###...........
#.............# #.# #...........
#............## #.###...........
#.##.##......# #.....#)#####..)
#....##.###### #.#.###)#####...
#..####.### #...............


You could see an ogre.

Vanquished Creatures
  An ogre (D:2)
  A centaur (D:2)
  2 hounds (D:4)
  A jelly (D:4)
  Jessica (D:2)
  Natasha (thrice) (D:2)
  3 orc wizards
  3 gnolls (D:3)
  7 adders
  3 worms
  3 dart slugs
  3 leopard geckos (D:3)
  11 orcs
  4 giant cockroaches
  7 goblins
  5 hobgoblins
  A quokka (D:2)
  A ball python (D:3)
  5 bats
  4 frilled lizards (D:3)
  11 kobolds
  8 rats
88 creatures vanquished.

Notes
Turn   | Place    | Note
-------+----------+-------------------------------------------
     0 | D:1      | McKennaii the Deep Elf Conjurer began the quest for the
                  | Orb.
     0 | D:1      | Reached XP level 1. HP: 10/10 MP: 6/6
   545 | D:1      | Reached XP level 2. HP: 8/15 MP: 4/8
  1256 | D:2      | Reached skill level 5 in Conjurations
  1291 | D:2      | Reached XP level 3. HP: 19/19 MP: 2/9
  1376 | D:2      | Found a shimmering altar of Xom.
  1382 | D:2      | Found a shimmering altar of Xom.
  1383 | D:2      | Found a shimmering altar of Xom.
  1384 | D:2      | Found a shimmering altar of Xom.
  1385 | D:2      | Found a shimmering altar of Xom.
  1385 | D:2      | Found a shimmering altar of Xom.
  1406 | D:2      | Found a shimmering altar of Xom.
  1415 | D:2      | Noticed Natasha
  1422 | D:2      | Killed Natasha
  1606 | D:2      | Noticed Jessica
  1611 | D:2      | Killed Jessica
  1612 | D:2      | Reached XP level 4. HP: 24/24 MP: 5/11
  1693 | D:2      | Noticed Natasha
  1699 | D:2      | Killed Natasha
  1700 | D:2      | Reached skill level 6 in Conjurations
  1925 | D:2      | Noticed an ogre
  1937 | D:2      | Killed an ogre
  1938 | D:2      | Reached XP level 5. HP: 11/28 MP: 6/13
  2232 | D:2      | Noticed a centaur
  2239 | D:2      | Killed a centaur
  2240 | D:2      | Reached XP level 6. HP: 18/32 MP: 7/15
  2388 | D:2      | Learned a level 4 spell: Fulminant Prism
  2393 | D:2      | Learned a level 4 spell: Iskenderun's Mystic Blast
  2394 | D:2      | Noticed Natasha
  2398 | D:2      | Killed Natasha
  2399 | D:2      | Reached skill level 5 in Spellcasting
  2501 | D:2      | Found a hazy altar of Hepliaklqana.
  2718 | D:2      | Found a blossoming altar of Fedhas.
  3287 | D:3      | Found a white marble altar of Elyvilon.
  3826 | D:3      | Reached skill level 7 in Conjurations
  4448 | D:4      | Reached XP level 7. HP: 26/36 MP: 7/18
  4758 | D:4      | Found a staircase to the Ecumenical Temple.
  4812 | D:3      | Gained mutation: You are frail. (-10% HP) [potion of
                  | mutation]
  4812 | D:3      | Gained mutation: Your magical capacity is low. (-10% MP)
                  | [potion of mutation]
  4812 | D:3      | Lost mutation: You are frail. (-10% HP) [potion of
                  | mutation]
  4812 | D:3      | Demolished by an ogre

Illustrated notes

Levels and vault maps discovered:
D:1:      dpeg_arrival_renting, layout_loops_ring
D:2:      layout_basic, lemuel_crystal_altar, overflow_temple_1_default,
          xom_redecorated, uniq_natasha, uniq_jessica
D:3:      minmay_door_path, layout_loops_cross, elyvilon_altar_5, st_stairs_2,
          minmay_misc_feat_x
D:4:      layout_basic, minmay_temple_entry_wispy, yredelemnul_altar_generic

Skill      XL: |  1  2  3  4  5  6 |
---------------+-------------------+-----
Conjurations   | 5 6 7 |  7.6
Spellcasting   | 4 6 |  6.3
Dodging        | 3 4 |  4.2
Stealth        | 3 |  3.2

Action                   |  1- 3 |  4- 6 |  7- 9 || total
-------------------------+-------+-------+-------++-------
Melee: Unarmed           |       |       |     4 ||     4
 Cast: Magic Dart        |    50 |   157 |    16 ||   223
  Use: Potion            |       |       |     4 ||     4
Armor: Robe              |     1 |     3 |     1 ||     5
Dodge: Dodged            |     4 |    16 |     7 ||    27
